[ AOE2 MATCH · #489779016 ]
1v1 RMVikings vs Italians
Player's team · WIN
Rival team · LOSS
[ REPLAY ANALYSIS · EXTRACTED FROM THE RECORDED GAME ]
Feudal
12:15
Castle
23:42
Imperial
—
| APM avg | 12.6 |
| APM peak | 31 |
| eAPM avg | 9.9 |
| Villagers / military | 39 / 13 |
Focus
⚔️ 15.2% · 🌾 84.8%
Militia ×13
Feudal
12:51
Castle
—
Imperial
—
| APM avg | 9.9 |
| APM peak | 33 |
| eAPM avg | 5.5 |
| Villagers / military | 41 / 3 |
Focus
⚔️ 15.2% · 🌾 84.8%
Scout Cavalry ×3
Match map
Initial resources + every placement click. Lines = walls · curves = elevation contours. ◆ gold · ⬟ stone · ● berries · ✦ relic · ◌ wall gap
Your base· Open — unwalled flank
卤蛋's base· Open — unwalled flank
Smoothed initial terrain · ◌ = detected wall gap · hover for details
Inputs per minute
— Tolomagno LXIX - - 卤蛋
Build order — Tolomagno LXIX
104 actions detected in the replay
| 0:02 | Create | Villager (Male) |
| 0:03 | Create | Villager (Male) |
| 0:03 | Create | Villager (Male) |
| 0:03 | Create | Villager (Male) |
| 0:04 | Create | Villager (Male) |
| 0:07 | Build | House |
| 0:13 | Build | House |
| 1:30 | Create | Villager (Male) |
| 2:10 | Create | Villager (Male) |
| 2:38 | Create | Villager (Male) |
| 2:56 | Create | Villager (Male) |
| 3:40 | Create | Villager (Male) |
| 3:49 | Build | Lumber Camp |
| 4:20 | Create | Villager (Male) |
| 4:59 | Build | House |
| 5:40 | Build | Mill |
| 6:02 | Build | House |
| 6:11 | Create | Villager (Male) |
| 6:12 | Create | Villager (Male) |
| 6:12 | Create | Villager (Male) |
| 6:13 | Create | Villager (Male) |
| 6:13 | Create | Villager (Male) |
| 6:37 | Create | Villager (Male) |
| 6:38 | Create | Villager (Male) |
| 6:38 | Create | Villager (Male) |
| 7:56 | Build | Mill |
| 8:03 | Create | Villager (Male) |
| 8:05 | Create | Villager (Male) |
| 9:48 | Build | Lumber Camp |
| 10:05 | Research | Feudal Age |
| 10:31 | Build | Farm |
| 10:32 | Build | Farm |
| 10:34 | Build | Farm |
| 11:11 | Build | Lumber Camp |
| 11:25 | Build | House |
| 12:15 | Age | Feudal Age |
| 12:16 | Build | Barracks |
| 12:51 | Create | Villager (Male) |
| 12:52 | Create | Villager (Male) |
| 12:52 | Create | Villager (Male) |
| 12:53 | Create | Villager (Male) |
| 12:53 | Create | Villager (Male) |
| 12:53 | Create | Villager (Male) |
| 12:54 | Create | Villager (Male) |
| 12:54 | Create | Villager (Male) |
| 12:54 | Create | Villager (Male) |
| 12:54 | Create | Villager (Male) |
| 12:55 | Create | Villager (Male) |
| 13:25 | Build | Blacksmith |
| 14:15 | Build | Farm |
| 14:23 | Build | House |
| 14:31 | Build | Farm |
| 14:45 | Build | Farm |
| 14:53 | Research | Man-at-Arms (upgrade) |
| 14:59 | Research | Forging |
| 15:00 | Research | Scale Mail Armor |
| 15:06 | Research | Double-Bit Axe |
| 15:09 | Research | Horse Collar |
| 15:25 | Build | House |
| 15:30 | Build | Farm |
| 15:36 | Create | Militia |
| 15:36 | Create | Militia |
| 15:36 | Create | Militia |
| 15:49 | Build | Mining Camp |
| 16:01 | Build | Farm |
| 16:38 | Build | Market |
| 17:21 | Build | Farm |
| 17:28 | Build | Farm |
| 17:30 | Build | Farm |
| 18:18 | Create | Militia |
| 18:18 | Create | Militia |
| 18:19 | Create | Militia |
| 18:19 | Create | Militia |
| 18:20 | Create | Militia |
| 18:31 | Build | Farm |
| 18:45 | Research | Forging |
| 18:57 | Research | Loom |
| 19:12 | Build | House |
| 19:50 | Build | Farm |
| 19:52 | Build | Farm |
| 19:54 | Build | Farm |
| 21:02 | Research | Castle Age |
| 22:28 | Build | House |
| 22:32 | Create | Militia |
| 22:32 | Create | Militia |
| 22:32 | Create | Militia |
| 22:33 | Create | Militia |
| 23:25 | Create | Militia |
| 23:41 | Build | Farm |
| 23:42 | Build | Farm |
| 23:42 | Age | Castle Age |
| 23:43 | Build | Farm |
| 24:29 | Research | Iron Casting |
| 24:29 | Research | Chain Mail Armor |
| 25:46 | Research | Long Swordsman (upgrade) |
| 25:46 | Research | Gambesons |
| 25:51 | Create | Villager (Male) |
| 25:52 | Create | Villager (Male) |
| 25:52 | Create | Villager (Male) |
| 25:52 | Create | Villager (Male) |
| 25:52 | Create | Villager (Male) |
| 25:53 | Create | Villager (Male) |
| 25:53 | Create | Villager (Male) |
| 26:02 | Build | Town Center |
Build order — 卤蛋
74 actions detected in the replay
| 0:22 | Create | Villager (Male) |
| 0:23 | Create | Villager (Male) |
| 0:23 | Create | Villager (Male) |
| 0:23 | Create | Villager (Male) |
| 0:24 | Create | Villager (Male) |
| 0:31 | Build | House |
| 0:32 | Build | House |
| 1:26 | Build | House |
| 1:32 | Create | Villager (Male) |
| 1:33 | Create | Villager (Male) |
| 2:08 | Build | Mill |
| 2:21 | Create | Villager (Male) |
| 2:21 | Create | Villager (Male) |
| 3:02 | Create | Villager (Male) |
| 3:03 | Create | Villager (Male) |
| 3:22 | Create | Villager (Male) |
| 3:25 | Create | Villager (Male) |
| 3:45 | Create | Villager (Male) |
| 5:10 | Create | Villager (Male) |
| 5:10 | Create | Villager (Male) |
| 6:10 | Create | Villager (Male) |
| 6:10 | Create | Villager (Male) |
| 6:11 | Create | Villager (Male) |
| 6:11 | Create | Villager (Male) |
| 7:53 | Build | Mining Camp |
| 8:02 | Create | Villager (Male) |
| 8:02 | Create | Villager (Male) |
| 8:02 | Create | Villager (Male) |
| 8:03 | Create | Villager (Male) |
| 8:03 | Create | Villager (Male) |
| 8:13 | Build | House |
| 8:15 | Build | House |
| 8:16 | Build | House |
| 8:18 | Build | House |
| 8:35 | Build | Barracks |
| 10:07 | Build | Mill |
| 10:41 | Research | Feudal Age |
| 12:51 | Age | Feudal Age |
| 13:56 | Create | Villager (Male) |
| 13:56 | Create | Villager (Male) |
| 13:56 | Create | Villager (Male) |
| 13:57 | Create | Villager (Male) |
| 13:57 | Create | Villager (Male) |
| 13:57 | Create | Villager (Male) |
| 13:57 | Create | Villager (Male) |
| 13:58 | Create | Villager (Male) |
| 13:58 | Create | Villager (Male) |
| 13:58 | Create | Villager (Male) |
| 13:59 | Create | Villager (Male) |
| 13:59 | Create | Villager (Male) |
| 13:59 | Create | Villager (Male) |
| 14:02 | Create | Villager (Male) |
| 14:02 | Create | Villager (Male) |
| 14:03 | Create | Villager (Male) |
| 15:19 | Build | Lumber Camp |
| 16:35 | Research | Double-Bit Axe |
| 16:48 | Research | Horse Collar |
| 18:35 | Build | Stable |
| 18:55 | Research | Wheelbarrow |
| 19:59 | Build | Farm |
| 20:01 | Build | Farm |
| 20:04 | Build | Farm |
| 20:05 | Build | Farm |
| 20:07 | Build | Farm |
| 20:11 | Build | Farm |
| 20:20 | Build | Farm |
| 20:32 | Build | House |
| 20:35 | Build | House |
| 20:35 | Build | House |
| 20:37 | Build | House |
| 22:36 | Create | Scout Cavalry |
| 22:38 | Create | Scout Cavalry |
| 22:39 | Create | Scout Cavalry |
| 23:32 | Build | Mining Camp |
Match timeline
| 8:35 | 卤蛋 · first_building Barracks |
| 12:15 | Tolomagno LXIX · age_up feudal |
| 12:16 | Tolomagno LXIX · first_building Barracks |
| 12:51 | 卤蛋 · age_up feudal |
| 18:15 | Tolomagno LXIX · first_market_sell 100 food |
| 18:35 | 卤蛋 · first_building Stable |
| 23:42 | Tolomagno LXIX · age_up castle |
| 27:19 | 卤蛋 · resign |
[ AI ANALYSIS · 1 CREDIT ]
What really happened in this match?
Wolo.gg analyzes every decision: build order, eco, micro, common mistakes by bracket. Personalized analysis on WhatsApp or Discord in 30 seconds.
Civ guide
Vikings
Map guide
Haboob
Perfil
Jugador #11310474